Match 39931365
Unlisted

Match 39931365
End
Construct Infanterie Kompanie
Selects Terror Battlegroup
MG 42 Machine Gun Team
MG 42 Machine Gun Team
GrW 34 Mortar Team
Grenadier Squad
Infanterie Officer Quarters
Medical Station
Grenadier Squad
Grenadier Squad
Construct Luftwaffe Kompanie
Jäger Squad
Support Elements
MG 42 Bunker
Jäger Squad
Selects Machine Gun Camouflage
Selects Contempt for the Weak
Construct Panzergrenadier Kompanie
Selects Propaganda Leaflet Drop
Propaganda Leaflet Drop
Nebelwerfer 42 Rocket Launcher Team
StuG III G Assault Gun
Luftwaffe Officer Quarters
Propaganda Leaflet Drop
Side Skirts
Panzergrenadier Officer Quarters
Pioneer Squad
Pak 40 Anti-tank Gun Team
Pak 40 Anti-tank Gun Team
Propaganda Leaflet Drop
Construct Panzer Kompanie
Selects V1 Rocket Strike
V1 Rocket Strike
Nebelwerfer 42 Rocket Launcher Team
Propaganda Leaflet Drop
Nebelwerfer 42 Rocket Launcher Team
Nebelwerfer 42 Rocket Launcher Team
Selects Defend the Fatherland
Panzer IV Medium Tank
Panzer Officer Quarters
V1 Rocket Strike
ChuCky76630
Oncle-Hô
MBT.Gest
RedBullY2K
Longjing tea
zhengwei
giao
Aimer·エメ
0
0

Comments sign in to comment!

No comments posted yet!